 Dungeon Crawl Stone Soup version 0.26.1-2-gb8aa6d0cf2 (webtiles) character file.

Game seed: 5568981067280704926

96 dohliylev the Ruffian (level 4, -4/42 HPs)
             Began as a Troll Warper on Mar 27, 2021.
             Killed from afar by Sigmund (9 damage)
             ... with a magic dart
             ... on level 2 of the Dungeon.
             The game lasted 00:03:24 (1544 turns).

dohliylev the Ruffian (Troll Warper)                Turns: 1544, Time: 00:03:25

Health: -4/42      AC:  6    Str: 20    XL:     4   Next: 41%
Magic:  3/5        EV: 10    Int: 15    God:
Gold:   85         SH:  0    Dex:  9    Spells: 3/5 levels left

rFire    . . .     SeeInvis .     - Unarmed
rCold    . . .     Faith    .   (no shield)
rNeg     . . .     Spirit   .   a - +0 robe
rPois    .         Reflect  .   (helmet restricted)
rElec    .         Harm     .   (no cloak)
rCorr    .         Rampage  .   (gloves unavailable)
Will     .....                  (boots unavailable)
Stlth    +.........             (no amulet)
HPRegen  0.54/turn              e - +6 ring of intelligence
MPRegen  0.09/turn              (no ring)

@: no status effects
A: large, unfitting armour, claws 3, regeneration 1, shaggy fur 1, tough skin 3
a: no special abilities


You were on level 2 of the Dungeon.
You visited 1 branch of the dungeon, and saw 2 of its levels.

You collected 85 gold pieces.

Inventory:

Missiles
 d - 5 boomerangs of dispersal (quivered)
Armour
 a - a +0 robe (worn)
Jewellery
 e - a +6 ring of intelligence (left claw)
 f - a +4 ring of slaying {unknown}
Scrolls
 c - a scroll of amnesia {unknown}
 g - 2 scrolls of identify {unknown}
 h - 2 scrolls of remove curse {unknown}
Potions
 b - a potion of curing {unknown}
 i - a potion of attraction {unknown}


   Skills:
 + Level 1.8 Fighting
 - Level 0.8 Throwing
 + Level 2.5 Dodging
 + Level 0.3 Stealth
 + Level 3.1 Unarmed Combat
 + Level 1.4 Spellcasting
 + Level 2.6 Translocations


You had 3 spell levels left.
You knew the following spells:

 Your Spells              Type           Power        Failure   Level
a - Blink                 Tloc           N/A          12%         2

Your spell library contained the following spells:

 Spells                   Type           Power        Failure   Level
 Gell's Gravitas          Tloc           4%           24%         3
 Lesser Beckoning         Tloc           4%           24%         3
 Teleport Other           Tloc           8%           24%         3
 Passage of Golubria      Tloc           N/A          63%         4


Dungeon Overview and Level Annotations

Branches:
Dungeon (2/15)

Altars:

Annotations:
D:2 1 runed translucent door, Crazy Yiuf, Sigmund


Innate Abilities, Weirdness & Mutations

You are too large for most types of armour.
You have claws for hands.
Your natural rate of healing is unusually fast.
You are covered in fur. (AC +1)
You have extremely tough skin. (AC +3)


Message History

The bat barely misses you. The bat hits you but does no damage.
You claw the bat!
You kill the bat!
Sigmund barely misses you. Sigmund casts a spell at you.
The puff of flame hits you!
* * * LOW HITPOINT WARNING * * *
Sigmund barely misses you.
There is an open door here.
You scratch Sigmund.
Sigmund is moderately wounded.
Sigmund hits you with a +4 vampiric scythe.
* * * LOW HITPOINT WARNING * * *
You scratch Sigmund.
Sigmund is moderately wounded.
You claw Sigmund!
Sigmund is severely wounded.
Sigmund gestures at you while chanting. The magic dart hits you!
You die...

#......<.#
#........# ### ###
#.#......#
#........# #.#
#.'......#
#..?.....# #.#
###...)..#
#.(...)..# #.######
#......# #........#
#....... #......#
#........# #.......
#......# ###......#
###..... ###......#
#@###### #.....
.........#######@##
#.....
....###.##........#
#.....
....###'##........#
#.....
....##..†.........#
####..
######............#
#.. #............#
#.. #........)...#
#.. #.......[....#
#.. #....#########
#.#


You could see Sigmund.

Vanquished Creatures
  Jessica (D:2)
  2 adders (D:2)
  3 worms (D:2)
  2 dart slugs (D:1)
  3 bats
  4 giant cockroaches
  4 goblins
  3 hobgoblins
  3 jackals (D:2)
  5 kobolds
  6 frilled lizards
  5 rats
41 creatures vanquished.

Notes
Turn   | Place    | Note
-------+----------+-------------------------------------------
     0 | D:1      | dohliylev the Troll Warper began the quest for the Orb.
     0 | D:1      | Reached XP level 1. HP: 19/19 MP: 1/1
    52 | D:1      | Reached XP level 2. HP: 27/27 MP: 2/2
   455 | D:1      | Learned a level 2 spell: Blink
   911 | D:2      | Reached XP level 3. HP: 35/35 MP: 4/4
   932 | D:2      | Found a runed translucent door.
   933 | D:2      | Noticed Crazy Yiuf
   972 | D:2      | Noticed Jessica
   992 | D:2      | Killed Jessica
  1365 | D:2      | Reached XP level 4. HP: 42/42 MP: 5/5
  1389 | D:2      | Reached skill level 3 in Unarmed Combat
  1473 | D:2      | Noticed Sigmund
  1544 | D:2      | Killed from afar by Sigmund

Illustrated notes

Levels and vault maps discovered:
D:1:      dpeg_arrival_tiny_a, layout_basic
D:2:      layout_basic, uniq_sigmund, uniq_jessica, uniq_crazy_yiuf_cottage

Skill      XL: |  1  2  3  4 |
---------------+-------------+-----
Dodging        | 2 |  2.5
Unarmed Combat | 3 |  3.1
Fighting       | |  1.8
Throwing       | |  0.8
Stealth        | |  0.3
Spellcasting   | |  1.4
Translocations | |  2.6

Action                   |  1- 3 |  4- 6 || total
-------------------------+-------+-------++-------
Melee: Unarmed           |    76 |    52 ||   128
 Cast: Blink             |     1 |     3 ||     4
  Use: Scroll            |     1 |       ||     1
Armor: Robe              |    21 |    31 ||    52
Dodge: Dodged            |    29 |    25 ||    54
